 Dungeon Crawl Stone Soup version 0.31-a0-188-g5e087ee2ca (webtiles) character file.

Game seed: 16786502579103345784

96 qw the Shooter (level 4, -1/25 HPs)
             Began as a Deep Elf Hunter on June 23, 2023.
             Slain by an adder (3 damage)
             ... on level 3 of the Dungeon.
             The game lasted 00:00:40 (1775 turns).

qw the Shooter (Deep Elf Hunter)                    Turns: 1775, Time: 00:00:41

Health: -1/25      AC:  7    Str: 12    XL:     4   Next: 41%
Magic:  6/6        EV:  9    Int: 13    God:
Gold:   127        SH:  0    Dex: 19    Spells: 3/3 levels left

rFire   . . .        Y - +0 shortbow
rCold   . . .        (shield currently unavailable)
rNeg    . . .        f - +0 scale mail
rPois   .            (no helmet)
rElec   .            (no cloak)
rCorr   .            (no gloves)
SInv    .            j - +0 pair of boots
Will    .....        (no amulet)
Stlth   ++           (no ring)
HPRegen 0.24/turn    (no ring)
MPRegen 0.10/turn

%: no passive effects
@: lethally poisoned (-1 -> -3)
A: camouflage 1, strong 1, MP-powered wands, noise suppression
a: no special abilities


You were on level 3 of the Dungeon.
You visited 1 branch of the dungeon, and saw 3 of its levels.

You collected 127 gold pieces.


Innate Abilities, Weirdness & Mutations

Your skin changes colour to match your surroundings (Stealth+).
Your muscles are strong. (Str +4, Int/Dex -1)
You expend magic power (3 MP) to strengthen your wands.
You passively dampen the noise of your surroundings.


   Skills:
 - Level 1.5 Fighting
 + Level 7.8 Ranged Weapons
 - Level 2.4 Dodging
 - Level 1.2 Stealth


You had 3 spell levels left.
You didn't know any spells.
Your spell library was empty.

Inventory:

Hand Weapons
 Y - a +0 shortbow (weapon)
Armour
 f - a +0 scale mail (worn)
 j - a +0 pair of boots (worn)
Scrolls
 h - a scroll of identify
Potions
 b - a potion of attraction {unknown}
 d - a potion of resistance {unknown}
 e - a potion of brilliance {unknown}
 i - a potion of magic {unknown}
 k - a potion of heal wounds {unknown}

Dungeon Overview and Level Annotations

Branches:
Dungeon (3/15)

Altars:


Message History

The arrow closely misses the adder.
You feel sick. The ball python closely misses you.
The ball python constricts you. The adder bites you.
The ball python bites you but does no damage.
The ball python constricts you.
A hobgoblin comes into view.
The adder bites you.
You are more poisoned.
The adder poisons you!
You shoot an arrow. The hobgoblin shouts!
The arrow hits the ball python but does no damage.
The ball python is moderately wounded.
You feel very sick. The adder bites you but does no damage.
The ball python loses its grip on you.
1772 ||| STAIRDANCE You feel sick.
The adder bites you but does no damage. The ball python bites you.
The ball python grabs you.
You stop ascending the stairs.
The ball python constricts you. The adder barely misses you.
The adder closely misses you.
The ball python bites you but does no damage.
The ball python constricts you.
You shoot an arrow.
The arrow barely misses the ball python.
You feel sick. The adder barely misses you. x2
The hobgoblin barely misses you.
The ball python bites you but does no damage.
The ball python constricts you. The adder closely misses you.
You shoot an arrow.
The arrow closely misses the ball python.
You feel sick. The adder bites you but does no damage. The hobgoblin hits you.
The ball python bites you but does no damage.
The ball python constricts you.
The adder bites you but does no damage. x2
The ball python bites you but does no damage.
The ball python constricts you. The hobgoblin hits you.
The adder bites you but does no damage.
You shoot an arrow. The arrow hits the ball python.
You kill the ball python!
You feel sick. The adder bites you. x2
You die...

##########
....[....#
.$.......#
.......@.#
......SSg#
.......g.#
....$....#
....$....#
........?#
.....!...#
###.#.##.#


You could see 2 adders and 2 hobgoblins.

Vanquished Creatures
  Terence (D:2)
  2 adders (D:2)
  A worm (D:2)
  4 dart slugs (D:2)
  A bat (D:2)
  6 endoplasms
  4 giant cockroaches
  5 goblins
  4 hobgoblins
  2 kobolds
  2 quokkas
  4 ball pythons
  3 frilled lizards (D:1)
  A rat (D:2)
40 creatures vanquished.

Notes
Turn   | Place    | Note
-------+----------+-------------------------------------------
     0 | D:1      | qw the Deep Elf Hunter began the quest for the Orb.
     0 | D:1      | Reached XP level 1. HP: 12/12 MP: 3/3
     0 | D:1      | 0 ||| qw: Version: 0.3-a-9-g12657ce
     0 | D:1      | 0 ||| qw: Game counter: 4243
     0 | D:1      | 0 ||| qw: Always use a shield: true
     0 | D:1      | 0 ||| qw: God list: Okawaru
     0 | D:1      | 0 ||| qw: Allow faded altars: false
     0 | D:1      | 0 ||| qw: Do Orc after D:15 true
     0 | D:1      | 0 ||| qw: Do second Lair branch before Depths: true
     0 | D:1      | 0 ||| qw: Lair rune preference: random
     0 | D:1      | 0 ||| qw: Plans: Normal
     0 | D:1      | 0 ||| PLANNING D:1-11
   202 | D:1      | Reached XP level 2. HP: 16/16 MP: 4/4
   210 | D:1      | Reached skill level 6 in Ranged Weapons
   921 | D:1      | 921 ||| UPGRADING to +0 pair of boots.
   926 | D:1      | 926 ||| READING scroll labelled BIBONA PUEMA.
   927 | D:1      | 927 ||| READING scroll labelled RARUR WYTORCHAPT.
   928 | D:1      | 928 ||| READING scroll labelled FAHELU WIUTE.
   929 | D:1      | 929 ||| DRINKING 2 viscous emerald potions.
   929 | D:1      | Gained mutation: You have hidden genetic potential. [potion
                  | of mutation]
   929 | D:1      | Gained mutation: You are vulnerable to cold. (rC-) [potion
                  | of mutation]
   929 | D:1      | Gained mutation: Your body sometimes deteriorates upon
                  | taking damage. [potion of mutation]
   929 | D:1      | Gained mutation: Your muscles are strong. (Str +4, Int/Dex
                  | -1) [potion of mutation]
   930 | D:1      | 930 ||| DRINKING potion of mutation.
   930 | D:1      | Lost mutation: Your muscles are strong. (Str +4, Int/Dex
                  | -1) [potion of mutation]
   930 | D:1      | Lost mutation: Your body sometimes deteriorates upon taking
                  | damage. [potion of mutation]
   930 | D:1      | Lost mutation: You have hidden genetic potential. [potion
                  | of mutation]
   930 | D:1      | Gained mutation: You passively dampen the noise of your
                  | surroundings. [potion of mutation]
   930 | D:1      | Gained mutation: You are strong-willed. (Will+) [potion of
                  | mutation]
   930 | D:1      | Gained mutation: Your muscles are strong. (Str +4, Int/Dex
                  | -1) [potion of mutation]
   931 | D:1      | 931 ||| DROPPING scroll of butterflies.
   961 | D:2      | 961 ||| STAIRDANCE
   977 | D:2      | 977 ||| STAIRDANCE
  1067 | D:2      | Noticed Terence
  1075 | D:2      | Killed Terence
  1076 | D:2      | Reached skill level 7 in Ranged Weapons
  1076 | D:2      | Reached XP level 3. HP: 6/20 MP: 5/5
  1076 | D:2      | HP: 5/20 [goblin/+0 club (1)]
  1337 | D:2      | 1337 ||| Stepping ~*~*~tactically~*~*~ (outnumbered).
  1345 | D:2      | Reached XP level 4. HP: 25/25 MP: 6/6
  1600 | D:2      | 1600 ||| DRINKING potion of mutation.
  1600 | D:2      | Lost mutation: You are vulnerable to cold. (rC-) [potion of
                  | mutation]
  1600 | D:2      | Lost mutation: You are strong-willed. (Will+) [potion of
                  | mutation]
  1600 | D:2      | Gained mutation: You expend magic power (3 MP) to
                  | strengthen your wands. [potion of mutation]
  1600 | D:2      | Gained mutation: Your skin changes colour to match your
                  | surroundings (Stealth+). [potion of mutation]
  1627 | D:2      | 1627 ||| UPGRADING to +0 scale mail.
  1637 | D:2      | 1637 ||| DROPPING +0 leather armour.
  1638 | D:2      | 1638 ||| READING scroll labelled QILEGI JAIVAEH.
  1643 | D:2      | 1643 ||| READING scroll labelled SAUQIQ JIOPEE.
  1644 | D:2      | 1644 ||| READING scroll labelled LIGIUQ PUFULA.
  1646 | D:2      | 1646 ||| Stepping ~*~*~tactically~*~*~ (cloud).
  1651 | D:2      | HP: 6/25 [poisoned by you (poison gas)]
  1772 | D:3      | 1772 ||| STAIRDANCE
  1774 | D:3      | HP: 6/25 [hobgoblin (3)]
  1775 | D:3      | HP: 2/25 [adder (2)]
  1775 | D:3      | Slain by an adder

Levels and vault maps discovered:
D:1:      beargit_arrival_diablo_church, layout_basic
D:2:      layout_loops_ring, eino_curves_02, minmay_split_cup_small,
          uniq_terence
D:3:      layout_basic, tso_altar, mainiacjoe_overflow_catwalk,
          basic_ecumenical_altar, serial_shops, nicolae_shop_gaudy_bauble

Skill      XL: |  1  2 |
---------------+-------+-----
Ranged Weapons | 7 |  7.8
Fighting       | |  1.5
Dodging        | |  2.4
Stealth        | |  1.2

Action                     |  1- 3 |  4- 6 || total
---------------------------+-------+-------++-------
   Fire: Shortbow          |    94 |    34 ||   128
    Use: Scroll            |     3 |     3 ||     6
         Potion            |     2 |     1 ||     3
 Armour: Leather armour    |     5 |     3 ||     8
         Scale mail        |       |    13 ||    13
  Dodge: Dodged            |    22 |    18 ||    40

Table legend:
 A = Non-vault XP
 B = Vault XP
 C = Vault XP percentage of total XP
 D = Non-vault monster count
 E = Vault monster count
 F = Vault count percentage of total count
                 A         B        C        D         E       F
            +---------+---------+-------+---------+---------+-------
      Total |      85 |      55 |  39.3 |      36 |       4 |  10.0
            +---------+---------+-------+---------+---------+-------
        D:1 |      25 |       0 |   0.0 |      15 |       0 |   0.0
        D:2 |      58 |      55 |  48.7 |      20 |       4 |  16.7
        D:3 |       2 |       0 |   0.0 |       1 |       0 |   0.0
            +---------+---------+-------+---------+---------+-------
